Unix NetHack Version 5.0.0-0 post-release - last build Jun 10 2026 00:39:30 (3ee93aec679c4c4259841fe613dc97188e26a321,branch:main).

Game began 2026-07-09 18:08:48, ended 2026-07-11 11:30:05.

Anarchos, lawful female dwarven Valkyrie

                 -----------
                 |.........|
                 |...*.....|                           --------      ---------
                 |**.*...*.|      `################    |......|      |.......|
                 |.*.***^..|      #-------------- #####.......|     #........|
                 --------.--      #-............|     #|......|     #|.......|
                     ##############|.....>......+      |......|     #|.......|
                      #############....|........|      |......|    ##|.......|
                    ###   #     #  --------------      ---.----   ## |.......|
                    #     #    ##                        ##       #  ------.--
                   ##-----|-- ##                         #        #        ##
                 ####|......| #                          #       ##
                 # # |.......##                          #       #
                 #   |.....`|                            #       #
 -------|--#######   --------                            #       #
 |........-#                                            -.-------#
 |.....&..|                                             |<......|#
 |.....@..|                                             |..`.....#
 ----------                                             ---------

Anarchos the Skirmisher     St:16 Dx:15 Co:16 In:9 Wi:11 Ch:8  Lawful
Dlvl:3  $:30 HP:0(33) Pw:5(5) AC:6  Xp:3 T:1361 

Latest messages:
 The vial crashes on the water demon's head and breaks into shards.
 The swirly potion evaporates.
 The water demon looks sound and hale again.
 Call a swirly potion: healing
 The water demon hits!
 The water demon hits!
 The water demon bites!
 You miss the water demon.
 The water demon hits!
 The water demon hits!
 The water demon bites!
 You miss the water demon.
 The water demon hits!
 The water demon hits!
 The water demon bites!
 Are you sure you want to pray? [yn] (n) y
 You begin praying to Tyr.
 You are surrounded by a shimmering light.
 The water demon starts to attack you, but pulls back.
 The water demon starts to attack you, but pulls back.
 The water demon starts to attack you, but pulls back.
 You finish your prayer.
 You feel that Tyr is well-pleased.
 You feel much better.
 You miss the water demon.
 The water demon hits!
 The water demon hits!
 The water demon bites!
 You miss the water demon.
 The water demon hits!
 The water demon hits!
 The water demon bites!
 You miss the water demon.
 The water demon hits!
 The water demon hits!
 The water demon bites!
 You miss the water demon.
 The water demon hits!
 The water demon hits!
 The water demon bites!
 You miss the water demon.
 The water demon hits!
 The water demon hits!
 The water demon bites!
 You miss the water demon.
 The water demon hits!
 The water demon hits!
 The water demon bites!
 You die...
 Do you want your possessions identified? [ynq] (y) q

Inventory:
 Coins    ('$')
  $ - 30 gold pieces
 Weapons  (')')
  o - a blessed +0 crossbow
  b - a +0 dagger (at the ready)
  a - a +1 dwarvish spear (weapon in right hand)
  t - a cursed +0 dwarvish spear
  h - a +0 orcish dagger
  i - a cursed +0 spear
 Armor    ('[')
  c - a cursed +3 small shield (being worn)
 Comestibles  ('%')
  p - an uncursed cram ration
  u - a cursed cream pie
  d - an uncursed food ration
  q - 3 cursed food rations
  f - an uncursed egg
  n - an uncursed lichen corpse
 Spellbooks  ('+')
  j - an uncursed spellbook of cure sickness
 Potions  ('!')
  k - an uncursed potion of healing
 Tools    ('(')
  l - an uncursed beartrap
  r - a cursed blindfold
  s - a cursed figurine of a tengu

Anarchos the Valkyrie's attributes:

Background:
 You were a Skirmisher, a level 3 dwarven Valkyrie.
 You were lawful, on a mission for Tyr
 who was opposed by Odin (neutral) and Loki (chaotic).
 You were right-handed.
 You were in the Dungeons of Doom, on level 3.
 You entered the dungeon 1361 turns ago.
 You had 54 experience points, 26 more were needed to attain level 4.

Basics:
 You had 0 out of 33 hit points.
 You had all 5 energy points (spell power).
 Your armor class was 6.
 Your wallet contained 30 zorkmids.
 Autopickup was on for all types.

Final Characteristics:
 Your strength was 16 (limit:18/100).
 Your dexterity was 15 (limit:20).
 Your constitution was 16 (limit:20).
 Your intelligence was 9 (limit:16).
 Your wisdom was 11 (limit:16).
 Your charisma was 8 (limit:16).

Final Status:
 You weren't hungry.
 You were unencumbered.
 You were wielding a spear.
 You had basic skill with spear.

Final Attributes:
 You were devoutly aligned.
 You were cold resistant.
 You had infravision.
 You were stealthy.
 You are dead.

Miscellaneous:
 You didn't encounter any bones levels.
 Total elapsed playing time was 35 minutes and 31 seconds.

Major events:
 Turn
    1: Anarchos the lawful dwarven Valkyrie entered the dungeon
  778: attained the rank of Skirmisher (level 3)
 1361: killed by a water demon

Spells:
 Name                 Level Category     Fail Retention
 cure sickness          3   healing      100%  76%-100%

Skills:
 Fighting Skills
   bare handed combat [Unskilled]
   two weapon combat  [Unskilled]
   riding             [Unskilled]
 Weapon Skills
   dagger             [Basic]
   axe                [Unskilled]
   pick-axe           [Unskilled]
   short sword        [Unskilled]
   broadsword         [Unskilled]
   long sword         [Unskilled]
   two-handed sword   [Unskilled]
   saber              [Unskilled]
   hammer             [Unskilled]
   quarterstaff       [Unskilled]
   polearms           [Unskilled]
   spear              [Basic]
   trident            [Unskilled]
   lance              [Unskilled]
   sling              [Unskilled]
 Spellcasting Skills
   attack spells      [Unskilled]
   escape spells      [Unskilled]

Voluntary challenges:
 Character rerolling was not enabled.
 You never genocided any monsters.
 You never polymorphed an object.
 You never changed form.
 You used no wishes.
Achievement:
 You attained the rank of Skirmisher.

 The Dungeons of Doom: levels 1 to 4
    Level 1:
       An altar to Tyr.
    Level 2:
    Level 3: <- You were here.
       A fountain, a grave.
       Final resting place for
          you, killed by a water demon.
    Level 4:


Vanquished creatures:
  a little dog
  2 giant rats
  a gecko
  2 jackals
  2 foxes
  2 goblins
  a bat
  6 lichens
  3 newts
20 creatures vanquished.

No species were genocided or became extinct.

Game over:
                       ----------
                      /          \
                     /    REST    \
                    /      IN      \
                   /     PEACE      \
                  /                  \
                  |     Anarchos     |
                  |      30 Au       |
                  |   killed by a    |
                  |   water demon    |
                  |                  |
                  |                  |
                  |       2026       |
                 *|     *  *  *      | *
        _________)/\\_//(\/(/\)/\//\/|_)_______

Farvel Anarchos the Valkyrie...

You died in The Dungeons of Doom on dungeon level 3 with 413 points,
and 30 pieces of gold, after 1361 moves.
You were level 3 with a maximum of 33 hit points when you died.

